[ AOE2 MATCH · #504828270 ]
UnrankedJapanese vs Muisca
Player's team · LOSS
Rival team · WIN
[ REPLAY ANALYSIS · EXTRACTED FROM THE RECORDED GAME ]
Feudal
8:51
Castle
20:32
Imperial
37:20
| APM avg | 70.3 |
| APM peak | 122 |
| eAPM avg | 38.0 |
| Villagers / military | 177 / 169 |
Focus
⚔️ 52.9% · 🌾 47.1%
Knight ×54 · Skirmisher ×43 · Cavalry Archer ×35 · Samurai ×10 · Militia ×8 · Archer ×6
Feudal
8:51
Castle
19:51
Imperial
35:41
| APM avg | 83.2 |
| APM peak | 119 |
| eAPM avg | 42.4 |
| Villagers / military | 184 / 26 |
Focus
⚔️ 60.5% · 🌾 39.5%
Unknown (2550) ×111 · Unknown (2562) ×77 · Archer ×9 · Trebuchet (Packed) ×9 · Monk ×6 · Unknown (2586) ×4
Match map
Initial resources + every placement click. Lines = walls · curves = elevation contours. ◆ gold · ⬟ stone · ● berries · ✦ relic · ◌ wall gap
Your base· Open — 5t gap
Shulk's base· Open — unwalled flank
Smoothed initial terrain · ◌ = detected wall gap · hover for details
Inputs per minute
— Sueta - - Shulk
Build order — Sueta
First 150 of 491 actions detected
| 0:01 | Create | Villager (Male) ×4 |
| 0:02 | Build | House |
| 0:04 | Build | House |
| 1:35 | Create | Villager (Male) |
| 1:51 | Build | Lumber Camp |
| 2:02 | Create | Villager (Male) |
| 2:20 | Create | Villager (Male) |
| 2:50 | Create | Villager (Male) |
| 3:10 | Create | Villager (Male) |
| 3:25 | Create | Villager (Male) |
| 3:49 | Build | House |
| 3:50 | Build | House |
| 3:58 | Create | Villager (Male) |
| 3:58 | Create | Villager (Male) |
| 4:20 | Create | Villager (Male) |
| 4:46 | Build | Barracks |
| 4:52 | Build | Barracks |
| 4:56 | Create | Villager (Male) |
| 4:57 | Create | Villager (Male) |
| 4:58 | Research | Loom |
| 5:38 | Build | Mining Camp |
| 6:38 | Research | Feudal Age |
| 6:46 | Build | Lumber Camp |
| 6:53 | Create | Militia |
| 7:15 | Create | Militia |
| 7:32 | Build | House |
| 7:34 | Build | Mill |
| 7:37 | Create | Militia |
| 8:31 | Create | Villager (Male) |
| 8:39 | Build | House |
| 8:51 | Age | Feudal Age |
| 8:57 | Build | Archery Range |
| 9:01 | Research | Double-Bit Axe |
| 9:18 | Create | Villager (Male) |
| 9:43 | Build | Palisade Wall |
| 9:44 | Create | Villager (Male) |
| 9:51 | Build | Farm |
| 9:56 | Create | Archer |
| 10:00 | Build | Farm |
| 10:04 | Create | Villager (Male) |
| 10:08 | Create | Skirmisher |
| 10:16 | Build | House |
| 10:27 | Build | Farm |
| 10:28 | Create | Villager (Male) |
| 10:33 | Create | Skirmisher |
| 10:49 | Create | Villager (Male) |
| 11:10 | Create | Skirmisher |
| 11:11 | Create | Villager (Male) |
| 11:16 | Build | Farm |
| 11:21 | Build | House |
| 11:23 | Build | Palisade Wall |
| 11:24 | Build | Palisade Wall |
| 11:29 | Create | Skirmisher |
| 11:29 | Create | Villager (Male) |
| 11:55 | Create | Villager (Male) |
| 12:05 | Build | Farm |
| 12:06 | Build | Farm |
| 12:11 | Build | Farm |
| 12:23 | Build | House |
| 12:26 | Build | Palisade Wall |
| 12:29 | Create | Villager (Male) |
| 12:35 | Build | Farm |
| 12:42 | Create | Villager (Male) |
| 12:49 | Build | Palisade Wall |
| 12:55 | Build | Farm |
| 12:59 | Build | Farm |
| 13:14 | Build | House |
| 13:19 | Create | Skirmisher |
| 13:27 | Create | Villager (Male) |
| 13:36 | Build | House |
| 13:42 | Create | Skirmisher |
| 13:47 | Build | Farm |
| 13:48 | Build | Farm |
| 13:48 | Create | Villager (Male) |
| 14:20 | Create | Villager (Male) |
| 14:21 | Build | Farm |
| 14:24 | Build | Farm |
| 14:35 | Build | House |
| 14:38 | Create | Villager (Male) |
| 14:47 | Build | House |
| 14:51 | Create | Archer |
| 14:56 | Build | House |
| 14:59 | Build | House |
| 15:02 | Build | House |
| 15:12 | Create | Villager (Male) |
| 15:32 | Create | Villager (Male) |
| 15:37 | Create | Villager (Male) |
| 15:47 | Create | Archer |
| 16:06 | Build | Outpost |
| 16:14 | Build | Palisade Wall |
| 16:20 | Create | Archer |
| 16:29 | Build | Farm |
| 16:30 | Build | Farm |
| 16:32 | Create | Villager (Male) |
| 16:41 | Build | House |
| 16:56 | Create | Villager (Male) |
| 17:26 | Build | Blacksmith |
| 17:27 | Create | Villager (Male) |
| 17:38 | Build | Market |
| 17:51 | Research | Castle Age |
| 17:58 | Create | Militia |
| 18:12 | Research | Fletching |
| 18:22 | Build | House |
| 18:41 | Create | Militia |
| 18:42 | Create | Skirmisher |
| 18:46 | Create | Villager (Male) |
| 18:47 | Research | Man-at-Arms (upgrade) |
| 19:00 | Research | Horse Collar |
| 19:09 | Create | Archer |
| 19:19 | Create | Militia |
| 19:28 | Build | House |
| 19:48 | Create | Archer |
| 19:53 | Build | Palisade Wall |
| 20:04 | Build | House |
| 20:32 | Age | Castle Age |
| 20:32 | Research | Long Swordsman (upgrade) |
| 20:40 | Research | Bodkin Arrow |
| 20:59 | Create | Villager (Male) |
| 21:05 | Create | Villager (Male) |
| 21:12 | Build | Town Center |
| 21:13 | Build | Siege Workshop |
| 21:15 | Create | Villager (Male) |
| 21:17 | Create | Militia |
| 21:20 | Create | Cavalry Archer |
| 21:25 | Build | Farm |
| 21:26 | Build | Farm |
| 21:27 | Build | Farm |
| 21:30 | Create | Villager (Male) |
| 21:41 | Create | Villager (Male) |
| 21:50 | Create | Villager (Male) |
| 21:51 | Create | Cavalry Archer |
| 22:02 | Create | Villager (Male) |
| 22:05 | Research | Bow Saw |
| 22:08 | Create | Mangonel |
| 22:15 | Create | Villager (Male) |
| 22:17 | Create | Militia |
| 22:25 | Create | Villager (Male) |
| 22:37 | Build | Farm |
| 22:38 | Build | Farm |
| 22:39 | Create | Villager (Male) |
| 22:46 | Build | Lumber Camp |
| 22:51 | Create | Villager (Male) |
| 23:00 | Create | Villager (Male) |
| 23:11 | Create | Villager (Male) |
| 23:13 | Create | Cavalry Archer |
| 23:13 | Create | Cavalry Archer |
| 23:27 | Build | Mining Camp |
| 23:28 | Create | Villager (Male) |
| 23:36 | Create | Villager (Male) |
| 23:48 | Build | Farm |
Build order — Shulk
First 150 of 617 actions detected
| 0:01 | Create | Villager (Male) |
| 0:01 | Create | Villager (Male) |
| 0:01 | Create | Villager (Male) |
| 0:02 | Create | Villager (Male) |
| 0:02 | Build | House |
| 0:03 | Build | House |
| 1:23 | Create | Villager (Male) |
| 1:49 | Create | Villager (Male) |
| 1:54 | Build | Settlement |
| 2:20 | Create | Villager (Male) |
| 2:21 | Create | Villager (Male) |
| 2:50 | Create | Villager (Male) |
| 2:54 | Create | Villager (Male) |
| 3:40 | Create | Villager (Male) |
| 4:04 | Create | Villager (Male) |
| 4:04 | Create | Villager (Male) |
| 4:05 | Create | Villager (Male) |
| 4:22 | Build | Settlement |
| 4:27 | Build | Settlement |
| 4:32 | Create | Villager (Male) |
| 4:34 | Create | Villager (Male) |
| 4:34 | Create | Villager (Male) |
| 5:46 | Create | Villager (Male) |
| 5:46 | Research | Loom |
| 6:18 | Build | Barracks |
| 6:41 | Research | Feudal Age |
| 7:17 | Build | Palisade Wall |
| 7:21 | Build | Palisade Wall |
| 7:39 | Build | Palisade Wall |
| 8:00 | Build | Palisade Wall |
| 8:00 | Create | Villager (Male) |
| 8:07 | Build | Palisade Wall |
| 8:11 | Build | Palisade Wall |
| 8:11 | Create | Villager (Male) |
| 8:15 | Build | Palisade Wall |
| 8:16 | Create | Villager (Male) |
| 8:45 | Build | Palisade Wall |
| 8:47 | Create | Villager (Male) |
| 8:51 | Age | Feudal Age |
| 8:58 | Build | Archery Range |
| 8:59 | Create | Villager (Male) |
| 9:07 | Create | Villager (Male) |
| 9:11 | Create | Villager (Male) |
| 9:22 | Build | Palisade Wall |
| 9:24 | Build | Palisade Wall |
| 9:33 | Build | Farm |
| 9:34 | Create | Archer |
| 9:34 | Create | Archer |
| 9:36 | Build | House |
| 9:45 | Build | Farm |
| 10:00 | Build | Farm |
| 10:02 | Build | Farm |
| 10:15 | Create | Villager (Male) |
| 10:21 | Create | Villager (Male) |
| 10:28 | Create | Archer |
| 10:34 | Build | Farm |
| 10:52 | Create | Villager (Male) |
| 10:58 | Create | Villager (Male) |
| 11:04 | Create | Archer |
| 11:05 | Create | Villager (Male) |
| 11:23 | Create | Villager (Male) |
| 11:36 | Create | Villager (Male) |
| 11:40 | Build | House |
| 11:45 | Create | Unit 2550 |
| 11:50 | Build | Blacksmith |
| 12:03 | Create | Villager (Male) |
| 12:10 | Build | House |
| 12:12 | Create | Villager (Male) |
| 12:17 | Build | Palisade Wall |
| 12:20 | Build | Palisade Wall |
| 12:23 | Create | Archer |
| 12:27 | Create | Unit 2550 |
| 12:32 | Create | Villager (Male) |
| 12:48 | Research | Horse Collar |
| 12:51 | Research | Double-Bit Axe |
| 12:57 | Create | Villager (Male) |
| 12:58 | Research | Fletching |
| 12:58 | Research | Fletching |
| 13:00 | Build | Palisade Wall |
| 13:06 | Create | Villager (Male) |
| 13:07 | Build | Farm |
| 13:14 | Create | Villager (Male) |
| 13:20 | Build | Farm |
| 13:26 | Create | Villager (Male) |
| 13:32 | Create | Unit 2550 |
| 13:37 | Build | House |
| 13:42 | Create | Villager (Male) |
| 13:49 | Create | Villager (Male) |
| 13:55 | Create | Villager (Male) |
| 13:57 | Build | Farm |
| 13:58 | Build | Farm |
| 14:02 | Create | Villager (Male) |
| 14:06 | Create | Archer |
| 14:17 | Create | Villager (Male) |
| 14:31 | Create | Archer |
| 14:36 | Create | Villager (Male) |
| 14:38 | Build | Palisade Wall |
| 14:38 | Create | Villager (Male) |
| 14:40 | Build | Palisade Wall |
| 14:44 | Create | Villager (Male) |
| 14:49 | Build | Farm |
| 15:07 | Create | Villager (Male) |
| 15:09 | Build | Farm |
| 15:30 | Create | Villager (Male) |
| 15:38 | Create | Archer |
| 15:40 | Create | Villager (Male) |
| 15:50 | Create | Villager (Male) |
| 16:03 | Build | Market |
| 16:03 | Create | Villager (Male) |
| 16:33 | Build | Settlement |
| 16:43 | Create | Villager (Male) |
| 16:48 | Build | Palisade Wall |
| 17:11 | Research | Castle Age |
| 17:38 | Build | House |
| 17:45 | Create | Unit 2550 |
| 17:46 | Create | Unit 2550 |
| 17:49 | Research | Tech 1402 |
| 17:51 | Create | Villager (Male) |
| 17:52 | Create | Archer |
| 18:17 | Research | Horse Collar |
| 18:17 | Research | Horse Collar |
| 18:27 | Create | Unit 2550 |
| 18:27 | Create | Unit 2550 |
| 18:34 | Build | Farm |
| 18:42 | Create | Villager (Male) |
| 18:57 | Build | Farm |
| 19:12 | Build | Farm |
| 19:13 | Create | Villager (Male) |
| 19:25 | Build | Farm |
| 19:25 | Create | Villager (Male) |
| 19:36 | Create | Villager (Male) |
| 19:51 | Age | Castle Age |
| 19:52 | Build | Town Center |
| 19:52 | Create | Villager (Male) |
| 19:54 | Build | Town Center |
| 19:59 | Create | Villager (Male) |
| 20:02 | Build | Monastery |
| 20:08 | Create | Unit 2586 |
| 20:11 | Create | Unit 2586 |
| 20:11 | Create | Unit 2586 |
| 20:13 | Create | Villager (Male) |
| 20:29 | Create | Villager (Male) |
| 20:43 | Create | Villager (Male) |
| 20:57 | Create | Villager (Male) |
| 20:59 | Build | Siege Workshop |
| 21:10 | Create | Unit 2586 |
| 21:31 | Create | Villager (Male) |
| 21:33 | Create | Villager (Male) |
| 21:34 | Create | Villager (Male) |
| 21:37 | Create | Mangonel |
Match timeline
| 4:46 | Sueta · first_building Barracks |
| 6:18 | Shulk · first_building Barracks |
| 7:17 | Shulk · wall_segment Palisade Wall x1 |
| 7:21 | Shulk · wall_segment Palisade Wall x1 |
| 7:39 | Shulk · wall_segment Palisade Wall x1 |
| 8:00 | Shulk · wall_segment Palisade Wall x1 |
| 8:07 | Shulk · wall_segment Palisade Wall x1 |
| 8:11 | Shulk · wall_segment Palisade Wall x1 |
| 8:15 | Shulk · wall_segment Palisade Wall x1 |
| 8:45 | Shulk · wall_segment Palisade Wall x1 |
| 8:51 | Sueta · age_up feudal |
| 8:51 | Shulk · age_up feudal |
| 8:57 | Sueta · first_building Archery Range |
| 8:58 | Shulk · first_building Archery Range |
| 9:22 | Shulk · wall_segment Palisade Wall x1 |
| 9:24 | Shulk · wall_segment Palisade Wall x1 |
| 9:43 | Sueta · wall_segment Palisade Wall x4 |
| 11:23 | Sueta · wall_segment Palisade Wall x5 |
| 11:24 | Sueta · wall_segment Palisade Wall x4 |
| 12:17 | Shulk · wall_segment Palisade Wall x1 |
| 12:20 | Shulk · wall_segment Palisade Wall x1 |
| 12:26 | Sueta · wall_segment Palisade Wall x9 |
| 12:49 | Sueta · wall_segment Palisade Wall x1 |
| 13:00 | Shulk · wall_segment Palisade Wall x4 |
| 14:38 | Shulk · wall_segment Palisade Wall x6 |
| 14:40 | Shulk · wall_segment Palisade Wall x11 |
| 16:14 | Sueta · wall_segment Palisade Wall x1 |
| 16:48 | Shulk · wall_segment Palisade Wall x1 |
| 16:55 | Shulk · first_market_sell 100 wood |
| 19:51 | Shulk · age_up castle |
| 19:53 | Sueta · wall_segment Palisade Wall x2 |
| 20:02 | Shulk · first_building Monastery |
| 20:32 | Sueta · age_up castle |
| 20:59 | Shulk · first_building Siege Workshop |
| 21:13 | Sueta · first_building Siege Workshop |
| 25:48 | Shulk · first_building Castle |
| 30:08 | Sueta · first_building Stable |
| 32:18 | Sueta · first_building Castle |
| 32:33 | Sueta · first_market_sell 100 wood |
| 32:34 | Sueta · first_market_buy 100 food |
| 32:53 | Shulk · first_market_buy 100 stone |
| 35:41 | Shulk · age_up imperial |
| 35:49 | Sueta · first_building Monastery |
| 37:20 | Sueta · age_up imperial |
| 49:24 | Sueta · resign |
[ AI ANALYSIS · 1 CREDIT ]
What really happened in this match?
Wolo.gg analyzes every decision: build order, eco, micro, common mistakes by bracket. Personalized analysis on WhatsApp or Discord in 30 seconds.
Civ guide
Japanese
Perfil
Jugador #5251192